 Dungeon Sprint DCSS version 0.29.1-15-g9cfb28693d (webtiles) character file.

Game seed: 16015112056602073730

162 Groucho the Unseen (level 5, -10/37 HPs)
             Began as a Felid Berserker on Mar 4, 2023.
             Was a Believer of Trog.
             Shot with an arrow by a centaur warrior (21 damage)
             ... in the Dungeon (Sprint I: "Red Sonja").
             The game lasted 00:01:42 (728 turns).

Groucho the Unseen (Felid Berserker)                 Turns: 728, Time: 00:01:42

Health: -10/37     AC:  2    Str: 13    XL:     5   Next: 19%
Magic:  6/6        EV: 20    Int:  8    God:    Trog [**....]
Gold:   405        SH:  0    Dex: 18    Spells: 4/4 levels left
                                        Lives:  0   Deaths: 2

rFire   . . .      SeeInvis +     - Unarmed
rCold   . . .      Faith    .   (shield unavailable)
rNeg    . . .      Spirit   .   (body armour unavailable)
rPois   .          Reflect  .   (helmet unavailable)
rElec   .          Harm     .   (cloak unavailable)
rCorr   .          Rampage  .   (gloves unavailable)
Will    ++...      NoTele   +   (boots unavailable)
Stlth   ..........              (no amulet)
HPRegen 1.12/turn               (no ring)
MPRegen 0.10/turn               (no ring)

@: berserking, strong-willed, regenerating, very quick
A: very small, claws 1, fangs 3, see invisible, speed 1, shaggy fur 2, stealthy
paws, no weapons or thrown items, no armour, multi-lived
a: Renounce Religion, Berserk, Trog's Hand


You were in the Dungeon.
You worshipped Trog.
Trog was pleased with you.
You visited 1 branch You collected 405 gold pieces.

Inventory:

Wands
 e - a wand of paralysis (6)
Scrolls
 g - 2 scrolls of enchant armour {unknown}
 i - a scroll of identify {unknown}
Potions
 c - a potion of haste
 d - 2 potions of magic
 h - a potion of lignification {unknown}


   Skills:
 + Level 4.3 Fighting
 + Level 5.7 Dodging
 + Level 19.8 Stealth
 + Level 4.3 Unarmed Combat


You had 4 spell levels left.
You didn't know any spells.
Your spell library was empty.

Dungeon Overview and Level Annotations

Branches:
Dungeon (1/1)

Altars:
Cheibriados
Dithmenos
Elyvilon
Fedhas
Gozag
Hepliaklqana
Kikubaaqudgha
Makhleb
Nemelex Xobeh
Okawaru
Qazlal
Ru
Sif Muna
Trog
Uskayaw
Vehumet
Wu Jian
Xom
Yredelemnul
Zin
The Shining One
Jiyva
Lugonu

Shops:
D :


Innate Abilities, Weirdness & Mutations

You have sharp claws.
You have razor-sharp teeth.
You have supernaturally acute eyesight. (SInv)
You cover ground quickly. (Speed+)
You are covered in thick fur. (AC +2)
Your paws help you pounce on unaware monsters.
You are incapable of wielding weapons or throwing items.
You cannot wear armour.
You gain extra lives every three experience levels.


Message History

Unknown command.
There is an open door here.
The centaur warrior wields a +2 shortbow of flaming.
It bursts into flame!
The centaur warrior shoots an arrow.
The arrow hits you!
Ouch! That really hurt!
The arrow burns you.
* * * LOW HITPOINT WARNING * * *
Things that are here:
a +0 scythe; a +0 robe Unknown command.
You feel better.
The centaur warrior shoots an arrow.
The arrow closely misses you.
Your skin crawls.
You feel strong-willed.
A red film seems to cover your vision as you go berserk!
You feel yourself moving faster!
You feel mighty! The centaur warrior hits you! The centaur warrior misses you.
You are too injured to fight recklessly!
You are too injured to fight recklessly!
You are too injured to fight recklessly!
You closely miss the centaur warrior. You bite the centaur warrior.
The centaur warrior is heavily wounded.
The centaur warrior closely misses you. x2
You closely miss the centaur warrior.
The centaur warrior is heavily wounded.
The centaur warrior shoots an arrow.
The arrow completely misses you. The centaur warrior closely misses you.
The centaur warrior kicks you.
The centaur warrior unwields a +2 shortbow of flaming.
It stops flaming.
The centaur warrior barely misses you. The centaur warrior kicks you.
* * * LOW HITPOINT WARNING * * *
There is an open door here.
You claw the centaur warrior!
The centaur warrior is severely wounded.
The centaur warrior hits you but does no damage.
The centaur warrior completely misses you.
The centaur warrior wields a +2 shortbow of flaming.
It bursts into flame!
The centaur warrior shoots an arrow.
The arrow hits you!!
Ouch! That really hurt!
You die...

######################
#<.#..').#.c'c.#__#..+
#..').#..'.@#..'..+..#
#..#####'#####'#__####
#..####..#...#.####§$#
#..#__####..##†#§§§§c#
#..#_____##'#§cc§§~†.+
#⌠⌠#_.∩...'..._#~~~§§#
####_..__##_.#'##+####
#_____###+#.# #######
###


You could see 2 centaur warriors.

Vanquished Creatures
  A slime creature (D)
  Sigmund (D)
  A yak (D)
  An ogre (D)
  A jelly (D)
  Ijyb (D)
6 creatures vanquished.

Notes
Turn   | Place    | Note
-------+----------+-------------------------------------------
     0 | D        | Groucho the Felid Berserker began the quest for the Orb.
     0 | D        | Reached XP level 1. HP: 10/10 MP: 2/2
     2 | D        | Noticed Ijyb
     9 | D        | Killed Ijyb
    10 | D        | Reached skill level 8 in Stealth
    10 | D        | Reached XP level 2. HP: 13/14 MP: 3/3
   331 | D        | Noticed an ogre
   336 | D        | Killed an ogre
   337 | D        | Reached skill level 12 in Stealth
   337 | D        | Reached XP level 3. HP: 17/17 MP: 4/4
   337 | D        | Reached XP level 4. HP: 21/21 MP: 5/5
   584 | D        | Noticed Sigmund
   586 | D        | Killed Sigmund
   586 | D        | Reached ** piety under Trog
   587 | D        | Reached skill level 16 in Stealth
   587 | D        | Reached XP level 5. HP: 24/24 MP: 6/6
   608 | D        | Found a shimmering blue altar of Sif Muna.
   609 | D        | Found an ornate altar of the Wu Jian Council.
   610 | D        | Found a radiant altar of Vehumet.
   615 | D        | Reached skill level 17 in Stealth
   615 | D        | Gained mutation: You are covered in thick fur. (AC +2)
                  | [Felid growth]
   615 | D        | Reached XP level 6. HP: 28/28 MP: 7/7
   649 | D        | Found Ceomnif's Book Emporium.
   649 | D        | Found an ancient bone altar of Kikubaaqudgha.
   649 | D        | Found a hazy altar of Hepliaklqana.
   649 | D        | Found a stormy altar of Qazlal.
   649 | D        | Found a hide-covered altar of Uskayaw.
   649 | D        | Found a blossoming altar of Fedhas.
   649 | D        | Found a bloodstained altar of Trog.
   649 | D        | Found an iron altar of Okawaru.
   649 | D        | Found a basalt altar of Yredelemnul.
   649 | D        | Found a glowing golden altar of the Shining One.
   649 | D        | Found a snail-covered altar of Cheibriados.
   649 | D        | Found a sacrificial altar of Ru.
   649 | D        | Found a glowing silver altar of Zin.
   649 | D        | Found a shadowy altar of Dithmenos.
   649 | D        | Found a white marble altar of Elyvilon.
   649 | D        | Noticed a yak
   650 | D        | Found an opulent altar of Gozag.
   651 | D        | Killed a yak
   652 | D        | Reached skill level 19 in Stealth
   652 | D        | Found a sparkling altar of Nemelex Xobeh.
   670 | D        | Found a burning altar of Makhleb.
   670 | D        | Found a shimmering altar of Xom.
   670 | D        | Noticed a slime creature
   671 | D        | Found a viscous altar of Jiyva.
   671 | D        | Found a corrupted altar of Lugonu.
   673 | D        | Killed a slime creature
   673 | D        | Reached *** piety under Trog
   674 | D        | Reached skill level 5 in Dodging
   674 | D        | Reached XP level 7. HP: 32/32 MP: 8/8
   695 | D        | Noticed a centaur warrior
   699 | D        | Noticed a centaur warrior
   704 | D        | Mangled by a centaur warrior
   705 | D        | Reached XP level 6. HP: -8/42 MP: 7/7
   715 | D        | Slain by a centaur warrior
   716 | D        | Reached XP level 5. HP: -2/37 MP: 6/6
   728 | D        | Shot with an arrow by a centaur warrior

Illustrated notes

Levels and vault maps discovered:
D:        dungeon_sprint_1 [red_sonja_temple_1, red_sonja_temple_small_1]

Skill      XL: |  1  2  3  4  5  6 |
---------------+-------------------+-----
Stealth        | 8 12 16 17 19 | 19.8
Fighting       | 4 |  4.3
Dodging        | 5 |  5.7
Unarmed Combat | 4 |  4.3

Action                   |  1- 3 |  4- 6 |  7- 9 || total
-------------------------+-------+-------+-------++-------
Melee: Unarmed           |     6 |    12 |     2 ||    20
       Bite              |     2 |     2 |       ||     4
Invok: Berserk           |     1 |     2 |     1 ||     4
       Trog's Hand       |       |     1 |     1 ||     2
  Use: Potion            |     1 |     1 |     1 ||     3
       Scroll            |       |       |     1 ||     1
 Stab: Sleeping          |     1 |     4 |       ||     5
Armor: Skin              |       |     1 |     2 ||     3
Dodge: Dodged            |     4 |    16 |    16 ||    36
